 Dungeon Crawl Stone Soup version 0.28-a0-1080-g05a166d0ed (webtiles) character file.

Game seed: 11421876188858031654

4192 fragbeetle the Grappler (level 10, -19/81 HPs)
             Began as a Yellow Draconian Transmuter on Dec 10, 2021.
             Was a Follower of Makhleb.
             Demolished by a large slime creature (31 damage)
             ... on level 8 of the Dungeon.
             The game lasted 00:35:43 (11996 turns).

fragbeetle the Grappler (DrTm)                     Turns: 11996, Time: 00:35:44

Health: -19/81     AC:  2    Str: 27    XL:     10   Next: 8%
Magic:  14/16      EV: 22    Int: 16    God:    Makhleb [*.....]
Gold:   326        SH:  0    Dex: 16    Spells: 14/18 levels left

rFire   . . .      SeeInvis .     - Unarmed
rCold   . . .      Faith    .   (shield currently unavailable)
rNeg    . . .      Spirit   .   (armour unavailable)
rPois   x          Reflect  .   (helmet currently unavailable)
rElec   .          Harm     .   (cloak currently unavailable)
rCorr   .          Rampage  .   (gloves currently unavailable)
Will    .....                   (boots currently unavailable)
Stlth   ++........              M - amulet of regeneration
HPRegen 1.03/turn               I - +6 ring of strength
MPRegen 0.15/turn               P - +6 ring of strength

@: spider-form
A: venomous fangs, (spit acid), AC +7, tiny, unfitting armour, (cold-blooded),
(acid resistance)
a: End Transformation, Renounce Religion


You were on level 8 of the Dungeon.
You worshipped Makhleb.
Makhleb was aware of your devotion.
You were a venomous arachnid creature.
You visited 2 branches of the dungeon, and saw 10 of its levels.

You collected 365 gold pieces.
You spent 39 gold pieces at shops.

Inventory:

Hand Weapons
 a - a +0 short sword of freezing
 q - a +3 vampiric dagger
 s - a +2 vorpal halberd
 v - a +2 hand axe of electrocution
 E - a +0 scimitar of flaming
Missiles
 j - a throwing net
 m - 5 javelins
 u - 6 boomerangs
 N - 15 poisoned darts
Armour
 B - a +0 pair of gloves (melded)
 H - the +27 Lear's hauberk
   (You found it on level 6 of the Dungeon)
 O - a scarf of resistance (melded)
Magical Staves
 h - a staff of fire
Jewellery
 g - an amulet of guardian spirit
 o - a ring of flight
 I - a +6 ring of strength (left front leg)
 M - an amulet of regeneration (around neck)
 P - a +6 ring of strength (right front leg)
 Q - a +6 ring of intelligence
Wands
 x - a wand of paralysis (10)
 A - a wand of iceblast (15)
 G - a wand of flame (7)
Scrolls
 b - 2 scrolls of noise {unknown}
 d - a scroll of vulnerability
 k - a scroll of fog {unknown}
 l - a scroll of holy word {unknown}
 p - 4 scrolls of teleportation {unknown}
 r - 3 scrolls of summoning
 w - 2 scrolls of immolation
 y - 2 scrolls of enchant weapon
 K - a scroll of enchant armour {unknown}
 L - a scroll of amnesia {unknown}
Potions
 c - a potion of brilliance
 e - a potion of heal wounds {unknown}
 f - 2 potions of lignification {unknown}
 i - 3 potions of haste
 n - 3 potions of degeneration
 t - 3 potions of flight
 z - a potion of magic {unknown}
 C - a potion of berserk rage {unknown}
 D - 2 potions of cancellation
 F - a potion of attraction {unknown}
Miscellaneous
 J - a piece from Xom's chessboard (15/15)


   Skills:
 * Level 5.4 Fighting
 * Level 5.4 Dodging
 - Level 1.2 Stealth
 * Level 9.9 Unarmed Combat
 + Level 4.5 Spellcasting
 * Level 6.4 Transmutations
 + Level 2.5 Poison Magic


You had 14 spell levels left.
You knew the following spells:

 Your Spells              Type           Power      Damage    Failure   Level
a - Beastly Appendage     Tmut           48%        N/A       5%          1
b - Spider Form           Tmut/Pois      18%        N/A       21%         3

Your spell library contained the following spells:

 Spells                   Type           Power      Damage    Failure   Level
 Wereblood                Tmut           24%        N/A       7%          2
 Apportation              Tloc           6%         N/A       34%         1
 Sublimation of Blood     Necr           3%         N/A       45%         2
 Ice Form                 Ice/Tmut       14%        N/A       61%         4
 Petrify                  Tmut/Erth      14%        N/A       61%         4
 Gell's Gravitas          Tloc           3%         N/A       65%         3
 Teleport Other           Tloc           3%         N/A       65%         3
 Tukima's Dance           Hex            3%         N/A       65%         3
 Alistair's Intoxication  Tmut/Pois      12%        N/A       77%         5
 Irradiate                Conj/Tmut      7%         3d16      89%         5
 Yara's Violent Unravell  Hex/Tmut       7%         3d5       89%         5
 Passage of Golubria      Tloc           3%         N/A       95%         4
 Dispersal                Tloc           1%         N/A       100%        6


Dungeon Overview and Level Annotations

Branches:
Dungeon (9/15)             Temple (1/1) D:7
   Lair: D:8-11         Orc: D:9-12

Altars:
Ashenzari
Cheibriados
Dithmenos
Elyvilon
Fedhas
Gozag
Hepliaklqana
Kikubaaqudgha
Makhleb
Nemelex Xobeh
Okawaru
Qazlal
Ru
Sif Muna
Trog
Uskayaw
Vehumet
Wu Jian
Xom
Yredelemnul
Zin
The Shining One

Shops:
D:3 *   D:5 (

Annotations:
D:9 1 runed translucent door, ytrimaz's ghost, novice FoFi


Innate Abilities, Weirdness & Mutations

You are a venomous arachnid creature.
You have poisonous fangs.
You are tiny and dextrous.
Your spellcasting is less reliable in this form.
Your armour is entirely melded.
You are incapable of wielding weapons or throwing items.
((You can spit globs of acid.))
((Your golden yellow scales are hard. (AC +7)))
You cannot fit into any form of body armour.
((You are cold-blooded and may be slowed by cold attacks.))
((You are resistant to acid. (rCorr)))


Message History

You turn into a venomous arachnid creature.
Your scarf of resistance melds into your body.
Your +0 pair of gloves melds into your body.
You feel hot and cold all over.
You climb downwards.
Level annotation: 1 runed translucent door, ytrimaz's ghost, novice FoFi The large slime creature completely misses you. x2
A large slime creature splits.
There is a stone staircase leading up here.
You bite the slime creature!
The slime creature is lightly wounded.
The large slime creature closely misses you.
The slime creature barely misses you.
You hit the slime creature but do no damage.
The slime creature is lightly wounded.
The slime creature barely misses you.
A large slime creature splits.
The slime creature completely misses you.
You hit the slime creature.
The slime creature is lightly wounded.
Two slime creatures merge to form a large slime creature.
The slime creature misses you. The slime creature hits you!
The slime creature misses you. The slime creature barely misses you.
You climb upwards.
There is a stone staircase leading down here.
You bite the slime creature!
The slime creature is moderately wounded.
The slime creature misses you. The slime creature closely misses you.
The slime creature hits you.
You hit the slime creature.
The slime creature is moderately wounded.
The slime creature barely misses you. The large slime creature hits you!!
The slime creature completely misses you.
The slime creature hits you!
You bite the slime creature!
The slime creature is heavily wounded.
The slime creature hits you!!
* * * LOW HITPOINT WARNING * * *
The large slime creature hits you!!
You die...

..# #.# #####.########### ### #.#
#.# # # #.# #.# # ## #.#
#.########### .## ###.######
#.#.......##. ..## #...(....#
#.....###.#.. ...## ##.###.##.#
###.#.# #....
....####...##.##J#####....###....
....'..........JsJ...............
....####...#..##J#####...........
...## ##.##.###.# ####.#.####...
..## #.##.# #.# #.))...# ##.. .##
#.##.###.# #)###### ##. ##
#........# #)# ## # ####.#####
#.# # ###### #.# #.# # .....# #.#
#.#### ##


You could see a large slime creature and 3 slime creatures.

Vanquished Creatures
  Maggie (D:6)
  A water moccasin (D:5)
  2 ice beasts
  A sky beast (D:8)
  3 black bears
  7 orc warriors
  2 ogres
  A centaur (D:8)
  A necrophage (D:6)
  4 kobold brigands
  5 bullfrogs
  2 scorpions
  A water moccasin zombie (D:5)
  A wyvern skeleton (D:6)
  A water moccasin skeleton (D:5)
  4 wights (D:9)
  An electric eel (D:9)
  A bullfrog zombie (D:5)
  2 hounds
  2 bullfrog skeletons
  A centaur zombie (D:5)
  4 orc priests
  A centaur skeleton (D:4)
  A gnoll shaman (D:9)
  Jessica (D:3)
  10 orc wizards
  Natasha (D:2)
  6 iguanas (D:5)
  A howler monkey zombie (D:7)
  Robin (D:2)
  10 adders
  5 gnolls
  2 howler monkey skeletons
  2 shadow imps
  A white imp (D:5)
  An ufetubus (D:4)
  An adder zombie (D:5)
  3 worms
  3 dart slugs
  55 orcs
  8 endoplasms
  3 giant cockroaches
  13 goblins
  11 hobgoblins
  9 jackals
  6 quokkas
  10 ball pythons
  8 bats
  2 frilled lizards
  26 kobolds
  2 rats
251 creatures vanquished.

Vanquished Creatures (others)
  An orc (D:6)
1 creature vanquished.

Grand Total: 252 creatures vanquished

Notes
Turn   | Place    | Note
-------+----------+-------------------------------------------
     0 | D:1      | fragbeetle the Draconian Transmuter began the quest for the
                  | Orb.
     0 | D:1      | Reached XP level 1. HP: 16/16 MP: 3/3
   244 | D:1      | Reached XP level 2. HP: 8/23 MP: 3/5
  1119 | D:1      | Reached XP level 3. HP: 28/28 MP: 4/6
  1119 | D:1      | Found a faded altar of an unknown god.
  1239 | D:2      | Learned a level 3 spell: Spider Form
  1504 | D:2      | Noticed Robin
  1517 | D:2      | Killed Robin
  1519 | D:2      | Reached XP level 4. HP: 28/35 MP: 3/7
  2067 | D:2      | Noticed Natasha
  2208 | D:2      | Killed Natasha
  2762 | D:3      | Found Ydeckex's General Store.
  2793 | D:3      | Reached XP level 5. HP: 20/40 MP: 4/9
  3688 | D:3      | Bought a potion of flight for 39 gold pieces
  3696 | D:3      | Noticed Jessica
  3709 | D:3      | Killed Jessica
  3710 | D:3      | Reached skill level 1 in Stealth
  3710 | D:3      | Reached skill level 4 in Unarmed Combat
  4215 | D:4      | Reached XP level 6. HP: 37/47 MP: 10/10
  4232 | D:4      | Identified the +5 robe "Rasaejed" {rF+}
  5186 | D:4      | You fall into a shaft and drop 3 floors!
  5229 | D:5      | Entered Level 5 of the Dungeon
  5427 | D:4      | Your scales start taking on a golden yellow colour.
  5427 | D:4      | Reached XP level 7. HP: 50/56 MP: 7/11
  5427 | D:4      | Gained mutation: You are resistant to acid. (rCorr) [Yellow
                  | Draconian growth]
  5883 | D:4      | Reached skill level 5 in Unarmed Combat
  6257 | D:5      | Reached skill level 1 in Poison Magic
  6661 | D:5      | Reached skill level 6 in Unarmed Combat
  6661 | D:5      | Reached XP level 8. HP: 61/63 MP: 5/13
  6754 | D:5      | Reached skill level 5 in Transmutations
  7021 | D:5      | Found Ryih's Weapon Shoppe.
  7550 | D:6      | Reached skill level 7 in Unarmed Combat
  7566 | D:6      | Found a large runed translucent door.
  7567 | D:6      | Found a large runed translucent door.
  7580 | D:6      | Found a sacrificial altar of Ru.
  7598 | D:6      | Found a shimmering altar of Xom.
  7728 | D:6      | Noticed Maggie
  7752 | D:6      | Killed Maggie
  7753 | D:6      | Reached XP level 9. HP: 5/71 MP: 9/14
  8148 | D:6      | Reached skill level 8 in Unarmed Combat
  8337 | D:6      | Found the +27 Lear's hauberk
  9143 | D:7      | Reached skill level 5 in Dodging
  9423 | D:7      | Found a staircase to the Ecumenical Temple.
  9568 | Temple   | Entered the Ecumenical Temple
  9645 | Temple   | Became a worshipper of Makhleb the Destroyer
 10227 | D:9      | Found a runed translucent door.
 10250 | D:9      | Noticed ytrimaz's ghost (novice FoFi)
 10316 | D:9      | Reached skill level 5 in Fighting
 10316 | D:9      | Reached skill level 9 in Unarmed Combat
 10645 | D:8      | Reached * piety under Makhleb
 10880 | D:8      | Found a white marble altar of Elyvilon.
 11409 | D:8      | Reached XP level 10. HP: 78/81 MP: 14/16
 11743 | D:8      | Found a basalt altar of Yredelemnul.
 11996 | D:8      | Demolished by a large slime creature

Illustrated notes

Levels and vault maps discovered:
D:1:      lemuel_arrival_muddy, layout_rooms,
          hellmonk_ecumenical_altar_inner_sanctum
D:2:      layout_basic, corner_web_ring, minmay_tripent, uniq_robin,
          uniq_natasha
D:3:      layout_rooms, serial_shops, nicolae_shop_advertising_works
          [nicolae_subvault_shop_adworks], minmay_misc_feat_alley, uniq_jessica
D:4:      layout_basic
D:5:      minmay_bubble_buster, layout_rooms, serial_shops, shop
D:6:      layout_rooms, jmf_multi_god_temple2, uniq_maggie
D:7:      layout_loops_corners, minmay_temple_entry_glassed_door
D:8:      layout_loops_corners, kennysheep_ying_yang, special_room
          [special_room_orc]
D:9:      layout_stronghold, ebering_ghost_inner_flame,
          kennysheep_generic_room_4
Temple:   mainiacjoe_temple_coin_purse

Skill      XL: |  1  2  3  4  5  6  7  8  9 |
---------------+----------------------------+-----
Dodging        | 2 3 4 5 |  5.4
Transmutations | 3 4 5 6 |  6.4
Stealth        | 1 |  1.2
Unarmed Combat | 4 6 7 9 |  9.9
Fighting       | 2 3 4 5 |  5.4
Spellcasting   | 3 4 |  4.5
Poison Magic   | 1 2 |  2.5

Action                   |  1- 3 |  4- 6 |  7- 9 | 10-12 || total
-------------------------+-------+-------+-------+-------++-------
Melee: Unarmed           |    92 |   292 |   408 |    38 ||   830
       Kick              |    12 |    39 |    28 |       ||    79
       Headbutt          |    15 |    22 |    16 |       ||    53
       Tailslap          |     5 |    21 |    13 |       ||    39
       Punch             |     1 |     5 |     1 |       ||     7
 Cast: Beastly Appendage |    30 |    36 |    16 |       ||    82
       Spider Form       |     1 |     5 |    38 |     4 ||    48
 Abil: Breathe Acid      |       |       |     1 |       ||     1
  Use: Potion            |       |     1 |     2 |       ||     3
       Scroll            |       |       |     7 |       ||     7
 Stab: Sleeping          |     1 |     1 |       |       ||     2
Armor: Skin              |    22 |    76 |    45 |       ||   143
Dodge: Dodged            |    50 |   188 |   321 |    29 ||   588

Table legend: (Time is in decaauts)
 A = Elapsed time spent in this place.
 B = Non-inter-level travel time spent in this place.
 C = Inter-level travel time spent in this place.
 D = Time resting spent in this place.
 E = Time spent auto-exploring this place.
 F = Levels seen in this place.
 G = Mean time per level.
                   A        B        C        D        E       F      G
               +--------+--------+--------+--------+--------+-----+--------+
         Total |  11939 |  11763 |    176 |   4050 |   4767 |  10 | 1193.9 |
       Dungeon |  11815 |  11639 |    176 |   4050 |   4697 |   9 | 1312.8 |
        Temple |    123 |    123 |      0 |      0 |     70 |   1 |  123.0 |
               +--------+--------+--------+--------+--------+-----+--------+

Top non-repeatable levels by time:
     D:4: 2238 daAuts
     D:2: 1668 daAuts
     D:8: 1591 daAuts
     D:5: 1373 daAuts
     D:1: 1307 daAuts
     D:7: 1089 daAuts
     D:6: 1000 daAuts
     D:3: 883 daAuts
     D:9: 663 daAuts
  Temple: 123 daAuts
